[Event "29th Bosnjaci Open 2025"]
[Site "Bosnjaci"]
[Date "2025.01.03"]
[Round "1.13"]
[White "Zadravec, Matija"]
[Black "Jokic, Bozo"]
[Result "1-0"]
[ECO "B22"]
[WhiteElo "2283"]
[BlackElo "1898"]
[Annotator "TA"]
[PlyCount "107"]
[EventDate "2025.01.04"]
[EventType "swiss"]
[EventCountry "CRO"]
[SourceTitle "playchess.com"]
[Source "ChessBase"]
[SourceQuality "1"]
[TimeControl "5400+30"]

1. e4 c5 2. Nf3 Nc6 3. c3 d6 4. d4 cxd4 5. cxd4 e6 6. Nc3 Be7 7. Bd3 Nf6 8. O-O e5 (8... O-O $14) 9. d5 $16 Nb8 10. h3 {[%emt 0:01:20] Prevents Bg4} h6 11. Be3 Nbd7 12. Rc1 O-O 13. b4 Ne8 ({Black should play} 13... a5) 14. Rc2 {[%emt 0:05:27] Black is weak on the light squares} Kh7 15. Qd2 {[%emt 0:01:59] White is much more active.} Rh8 (15... Kg8 $16 16. Rfc1 Ndf6) 16. Rfc1 b6 17. Bb5 Rb8 18. Bc6 Ba6 (18... a6 $16 {is a better defense.} 19. Qd3 g6) 19. Nb5 $18 Bxb5 20. Bxb5 Ndf6 21. Qd3 g5 22. Ba6 Rg8 23. Rc8 Rxc8 24. Bxc8 {[%emt 0:00:06] Bf5+ would now be deadly.} Nc7 25. Bf5+ Kh8 26. Rc6 Nfe8 27. a4 f6 28. Qc2 Bf8 29. Nd2 Rg7 30. b5 Qb8 31. Nc4 Kg8 32. Bc1 Qd8 33. Ba3 Qb8 34. Bb4 Qd8 35. Qd3 Kh8 36. Qa3 a5 37. Bd2 {[%emt 0:00:18] This pair of bishops is nice.} Rg8 38. Nxb6 Ng7 39. Qf3 Nxf5 40. Qxf5 Ne8 41. Bxa5 Qe7 42. Qd7 h5 43. Qxe7 Bxe7 44. Nc8 Bf8 45. Bb4 g4 46. hxg4 Rxg4 47. f3 Rg6 48. a5 h4 49. Kf1 Bh6 50. a6 Be3 51. a7 h3 52. gxh3 (52. a8=B {is a self mate.} hxg2+ 53. Ke2 g1=Q (53... g1=R $2 {too greedy.} 54. Kxe3 Rb1 55. Rc4 $18) 54. Ne7 Rg2+ 55. Kd3 Qb1+ 56. Kc4 Qa2+ 57. Kd3 Qe2+ 58. Kc3 Qc2#) 52... Rg1+ 53. Ke2 Bxa7 54. Nxa7 1-0

[Event "29th Bosnjaci Open 2025"]
[Site "Bosnjaci"]
[Date "2025.01.03"]
[Round "1.14"]
[White "Bedic, Slavko"]
[Black "Jakovic, Roko"]
[Result "0-1"]
[ECO "D15"]
[WhiteElo "1895"]
[BlackElo "2273"]
[Annotator "TA"]
[PlyCount "110"]
[EventDate "2025.01.04"]
[EventType "swiss"]
[EventCountry "CRO"]
[SourceTitle "playchess.com"]
[Source "ChessBase"]
[SourceQuality "1"]
[TimeControl "5400+30"]

1. d4 d5 2. c4 c6 3. Nc3 Nf6 4. e3 a6 5. a3 b5 6. cxd5 cxd5 7. Nf3 e6 8. Bd3 Bb7 9. Bd2 Nbd7 10. Rc1 Bd6 11. O-O Ne4 12. Na2 Nxd2 13. Qxd2 O-O 14. Rc3 Qe7 15. Nb4 Rac8 {[%emt 0:13:28] Prevents Nc6} 16. Rfc1 Nb6 17. Rxc8 Rxc8 18. Rxc8+ Nxc8 19. Qc2 g6 20. Nc6 (20. Be2 $11) 20... Qc7 $15 21. Nce5 Nb6 22. Qxc7 Bxc7 23. Bc2 f6 24. Nd3 Nc4 25. a4 bxa4 26. Bxa4 Kf7 27. b3 Nb6 28. Nc5 Bc8 29. Ne1 Ke7 30. Ned3 Kd6 31. f4 a5 32. Bb5 Na8 33. Kf2 Bb6 34. Na4 Ba7 35. Ndc5 (35. Nc3 $11) 35... e5 (35... Nc7 $15 36. Be2 e5) 36. Bd3 (36. dxe5+ $11 fxe5 37. fxe5+ Kxe5 38. Bd7 Bxd7 39. Nxd7+ Kd6 40. Nf8) 36... Nc7 37. h3 Ne6 38. Nxe6 Kxe6 39. dxe5 fxe5 {[%emt 0:00:15][%mdl 4096] Endgame KBB-KBN} 40. Ke2 d4 41. exd4 Bxd4 42. Bc4+ (42. Kf3 $17 {might work better.}) 42... Kf5 43. fxe5 Kxe5 44. Kd3 Bf5+ 45. Ke2 Be4 46. g3 Bf5 47. g4 Be4 48. Bd3 Kf4 (48... Bd5 $19 49. Bc4 Be4) 49. Kd2 $2 (49. Bxe4 $17 Kxe4 50. Kd2) 49... Bg2 $19 50. Be2 Bxh3 51. Kd3 Bf2 52. Nb2 $2 (52. Nc3) 52... Bxg4 53. Nc4 Be1 54. Bf1 Kg3 {[%emt 0:00:34] ...h5 would now be deadly.} 55. Ne3 Be6 0-1

[Event "29th Bosnjaci Open 2025"]
[Site "Bosnjaci"]
[Date "2025.01.03"]
[Round "1.15"]
[White "Vucenovic, Damian"]
[Black "Palian, Antun"]
[Result "1-0"]
[ECO "B03"]
[WhiteElo "2272"]
[BlackElo "1884"]
[Annotator "TA"]
[PlyCount "47"]
[EventDate "2025.01.04"]
[EventType "swiss"]
[EventCountry "CRO"]
[SourceTitle "playchess.com"]
[Source "ChessBase"]
[SourceQuality "1"]
[TimeControl "5400+30"]

1. e4 Nf6 2. e5 Nd5 3. d4 d6 4. c4 Nb6 5. f4 dxe5 6. fxe5 Nc6 7. Be3 Bf5 8. Nc3 e6 9. Nf3 Bb4 10. Bd3 ({Better is} 10. Be2 $14) 10... Nxd4 11. Bxd4 Bxd3 {[%emt 0:00:20] [#]} (11... c5 $11 12. Bxf5 cxd4) 12. c5 $1 $16 (12. Qxd3 c5 $14) 12... Be4 {[%emt 0:14:50] Strongly threatening ...Bxf3.} 13. cxb6 Bxf3 14. gxf3 {[%emt 0:02:04] Qa4+ would now be deadly.} (14. Qxf3 Qxd4 15. bxc7 Rc8 $17 (15... Qxe5+ $2 16. Qe2 $19)) 14... Qh4+ (14... axb6 {was worth a try.} 15. O-O c5) 15. Bf2 $18 Bxc3+ 16. bxc3 Qf4 17. Qd4 Qxf3 $2 (17... Qxd4 $16 18. cxd4 (18. Bxd4 axb6 19. Be3 Ra5 $16) 18... axb6) 18. Qa4+ c6 19. O-O h5 20. Qb4 ({Don't do} 20. bxa7 Rh6 21. Qh4 Rxa7 $18) 20... h4 $2 (20... axb6 21. Bxb6 Qd3) 21. bxa7 Rh6 {[%emt 0:09:46] [#]} 22. Qe7+ $3 Kxe7 23. Bc5+ Ke8 24. Rxf3 1-0

[Event "29th Bosnjaci Open 2025"]
[Site "Bosnjaci"]
[Date "2025.01.03"]
[Round "1.16"]
[White "Bekcic, Martin"]
[Black "Gal, Andrej"]
[Result "0-1"]
[ECO "E14"]
[WhiteElo "1882"]
[BlackElo "2256"]
[Annotator "TA"]
[PlyCount "94"]
[EventDate "2025.01.04"]
[EventType "swiss"]
[EventCountry "CRO"]
[SourceTitle "playchess.com"]
[Source "ChessBase"]
[SourceQuality "1"]
[TimeControl "5400+30"]

1. d4 Nf6 2. Nf3 e6 3. e3 b6 4. c4 Bb7 5. Nc3 d5 6. cxd5 exd5 7. Bd3 Be7 8. O-O O-O 9. Bd2 (9. b3 {was preferable.}) 9... a6 10. Rc1 Nbd7 11. Bb1 Bd6 12. h3 Re8 13. a3 Nf8 14. Ne2 Ne4 15. Bc3 Ng6 16. b4 Ng5 (16... a5 $15) 17. Nxg5 $11 Qxg5 18. Bxg6 (18. Bd2 $11) 18... hxg6 $15 19. f4 Qe7 20. Rf3 Bc8 21. Bd2 Bf5 22. Nc3 c6 23. Na4 {[%emt 0:10:28][%csl LRb6,LRc6] White is weak on the light squares} Qb7 24. Qb3 Rab8 25. Nc3 (25. Rf2 $15) 25... Bd3 (25... c5 $17 26. Qxd5 Qxd5 27. Nxd5 cxd4) 26. Rf2 (26. Nxd5 $2 Be4 27. Nc3 Bxf3 28. gxf3 Qd7 $19) 26... Bc4 {[%emt 0:00:50][%cal Bd3c4,Bc4d5,Bd5e4][%mdl 32] This pair of bishops is nice.} 27. Qc2 Qe7 (27... a5 $17 28. f5 gxf5 (28... axb4 29. axb4 gxf5 30. Rxf5 $19) 29. Qxf5 Bf8 (29... axb4 30. axb4 Re6 31. e4 $17)) 28. e4 $1 dxe4 29. Nxe4 Bd5 30. Nxd6 Qxd6 31. f5 Be4 32. Qc4 {[%emt 0:02:15] Strongly threatening Bf4.} Rbd8 (32... Bxf5 33. Bf4 (33. Qxc6 Qxd4 34. Qc4 Qd7 $17) 33... Qd8 34. Bxb8 Qxb8 35. Qc3 $14 (35. Qxa6 b5 $16) (35. Qxc6 $2 Rc8 $19)) 33. fxg6 Qxg6 34. Bc3 $2 {[%emt 0:03:05] [#]} ({White should play} 34. Re1 $15) 34... b5 (34... Bd5 $1 $19 35. Qxa6 Re3) 35. Qa2 Bd5 36. Qd2 Re4 {[%emt 0:00:51] Black is much more active.} (36... Rd6 $17 {Threatens to win with ...Rde6.} 37. Qc2 Re3 38. Qxg6 Rxg6) 37. Re1 Rde8 $36 {[%emt 0:01:44][%mdl 2048] Black fights for an advantage.} 38. Rxe4 (38. Rfe2 $15) 38... Qxe4 $17 39. Bb2 Re6 40. Qf4 Qb1+ 41. Kh2 (41. Bc1 $17 {was called for.}) 41... Re1 $19 42. Qg4 $2 (42. Kg3) 42... Rh1+ 43. Kg3 Qd3+ 44. Kh4 Be6 45. Qe2 {[%emt 0:02:04] [#]} Rxh3+ $1 46. gxh3 (46. Kg5 Qg6+) 46... Qxh3+ 47. Kg5 Qh6# 0-1

[Event "29th Bosnjaci Open 2025"]
[Site "Bosnjaci"]
[Date "2025.01.03"]
[Round "1.17"]
[White "Glavas, Dragan"]
[Black "Lovrinic, Vlatko"]
[Result "1-0"]
[ECO "D35"]
[WhiteElo "2251"]
[BlackElo "1881"]
[Annotator "TA"]
[PlyCount "53"]
[EventDate "2025.01.04"]
[EventType "swiss"]
[EventCountry "CRO"]
[SourceTitle "playchess.com"]
[Source "ChessBase"]
[SourceQuality "1"]
[TimeControl "5400+30"]

1. d4 d5 2. c4 e6 3. cxd5 exd5 4. Nc3 Nf6 5. Bg5 Be7 6. e3 c6 7. Qc2 Bg4 8. Bd3 Bh5 9. Nge2 Bg6 10. O-O Bxd3 11. Qxd3 Ne4 {[%emt 0:06:30] Prevents Ng3} 12. Nxe4 Bxg5 13. Nxg5 Qxg5 14. b4 O-O 15. b5 Nd7 16. Rfc1 Rfc8 17. Nf4 Nb6 18. bxc6 bxc6 19. Qa6 Qe7 20. Rc5 Qd7 21. Rac1 Rab8 22. h3 Rb7 23. Nd3 {[%emt 0:02:22][%cal Bf4d3,Bd3c5,Bc5d7][%mdl 32] Black must now prevent Ne5. White has more active pieces.} Nc4 24. R5xc4 (24. Qa4 $14) 24... dxc4 $4 {[%emt 0:00:45][%mdl 8192] [#]} (24... Rb6 $1 $11 {and Black stays safe.} 25. Qa4 dxc4 26. Qxc4 Qb7) 25. Nc5 $1 $18 Rb6 26. Qxb6 ({Weaker is} 26. Qxc4 Qf5 $15) 26... axb6 27. Nxd7 1-0

[Event "29th Bosnjaci Open 2025"]
[Site "Bosnjaci"]
[Date "2025.01.03"]
[Round "1.18"]
[White "Bozic, Niko"]
[Black "Besedes, Danilo"]
[Result "1-0"]
[ECO "C01"]
[WhiteElo "1874"]
[BlackElo "2239"]
[Annotator "TA"]
[PlyCount "39"]
[EventDate "2025.01.04"]
[EventType "swiss"]
[EventCountry "CRO"]
[SourceTitle "playchess.com"]
[Source "ChessBase"]
[SourceQuality "1"]
[TimeControl "5400+30"]

1. e4 e6 2. d4 d5 3. exd5 exd5 4. Bd3 Nf6 5. Nf3 Bg4 6. O-O Be7 7. Nbd2 O-O 8. Re1 c5 9. c3 Nc6 10. dxc5 Bxc5 11. Nb3 Bb6 12. Be3 Re8 13. Bxb6 Qxb6 14. Be2 a5 15. Qc2 Rac8 {[%emt 0:11:22] and ...a4 should not be overlooked} 16. Rad1 Ne4 $1 17. Rf1 (17. Nfd4 $17 {was necessary.} Bd7 18. a4) 17... Bxf3 $2 (17... Nb4 $1 $19 18. Qb1 Nxf2 19. Rxf2 Rxe2) 18. Bxf3 $11 a4 19. Na1 {[%emt 0:07:29] [#]} (19. Bxe4 $1 $11 {is superior.} dxe4 20. Nd2) 19... Nd4 $2 20. Rxd4 1-0

[Event "29th Bosnjaci Open 2025"]
[Site "Bosnjaci"]
[Date "2025.01.03"]
[Round "1.19"]
[White "Jusup, Matej"]
[Black "Benko, Bostjan"]
[Result "1-0"]
[ECO "B13"]
[WhiteElo "2238"]
[BlackElo "1867"]
[Annotator "TA"]
[PlyCount "83"]
[EventDate "2025.01.04"]
[EventType "swiss"]
[EventCountry "CRO"]
[SourceTitle "playchess.com"]
[Source "ChessBase"]
[SourceQuality "1"]
[TimeControl "5400+30"]

1. e4 c6 2. d4 d5 3. exd5 cxd5 4. Bd3 Nc6 5. c3 Nf6 6. Bf4 g6 7. Nf3 Bf5 8. Bxf5 gxf5 9. Ne5 Qb6 10. Qb3 e6 11. Nd3 Nd7 12. O-O Qa6 13. Qd1 (13. Re1 $5) 13... h5 14. a4 Na5 15. b4 Nc4 16. Nc5 Qc6 17. Nd2 Bd6 18. Bxd6 Nxd6 19. Qe2 Ne4 20. Ndxe4 fxe4 21. f3 {[%emt 0:01:16][%cal Rf3e4] White is much more active.} Nxc5 22. dxc5 {[%emt 0:01:21] fxe4 would now be deadly.} f5 23. fxe4 dxe4 24. Rad1 Rd8 {[%emt 0:00:52] Repels Rd6} 25. Qc4 (25. a5 $16) 25... Rd5 $2 (25... Ke7 $11 {and Black has nothing to worry.}) 26. Rxd5 $18 exd5 {[%emt 0:01:38][%mdl 4096] Endgame KQR-KQR} 27. Qd4 $36 {[%emt 0:00:22][%mdl 2048] White is really pushing.} O-O 28. Qe5 b6 (28... Qf6 $142 29. Qxf6 (29. Qxd5+ Kg7 $14) 29... Rxf6) 29. Rd1 ({Resist} 29. Rxf5 $6 Rxf5 30. Qxf5 bxc5) 29... bxc5 30. b5 (30. Qxd5+ Qxd5 31. Rxd5 cxb4 32. cxb4 Kg7 $14) 30... Qb6 $2 (30... Qf6 31. Qxf6 (31. Rxd5 h4 $18) (31. Qxd5+ Rf7 $16) 31... Rxf6) 31. Qxd5+ (31. Rxd5 $142 c4+ 32. Kf1) 31... Rf7 32. c4 Qc7 33. Qd8+ Kh7 (33... Qxd8 {keeps fighting.} 34. Rxd8+ Kg7) 34. Qg5 Qe5 $2 (34... Qe7 35. Qxh5+ Kg7) 35. Qxh5+ Kg7 36. Rd8 Qa1+ {[%emt 0:01:18] [#]} 37. Kf2 $1 Qb2+ 38. Kg3 f4+ $2 (38... Qc3+ 39. Kh4 Qf6+ 40. Qg5+ Qxg5+ 41. Kxg5 f4) 39. Kh3 Qc3+ 40. Kg4 {[%emt 0:00:48] White wants to mate with Rh8.} Kf6 41. Qh6+ Ke7 42. Qd6# 1-0

[Event "29th Bosnjaci Open 2025"]
[Site "Bosnjaci"]
[Date "2025.01.03"]
[Round "1.20"]
[White "Tomljenovic, Mile"]
[Black "Sipic, Hrvoje"]
[Result "0-1"]
[ECO "B50"]
[WhiteElo "1865"]
[BlackElo "2213"]
[Annotator "TA"]
[PlyCount "36"]
[EventDate "2025.01.04"]
[EventType "swiss"]
[EventCountry "CRO"]
[SourceTitle "playchess.com"]
[Source "ChessBase"]
[SourceQuality "1"]
[TimeControl "5400+30"]

1. e4 c5 2. Nc3 d6 3. Nf3 Nf6 4. Bc4 Nc6 5. d3 Bg4 6. h3 Bh5 7. Bb5 (7. g4 $14 {was preferrable.} Bg6 8. g5) 7... e6 $11 8. g4 Bg6 {[%emt 0:00:13] The position is equal.} 9. e5 (9. Bxc6+ bxc6 10. Qe2 Nd7) 9... Nd7 10. Bxc6 bxc6 11. exd6 $1 Bxd6 12. Ne4 Be7 13. b3 O-O 14. Bb2 (14. O-O $1 $11) 14... c4 15. Ne5 $2 {[%emt 0:06:59][%mdl 8192] [#] Loses the game.} (15. bxc4 $11 f5 16. Ned2) 15... Nxe5 $19 {[%emt 0:01:13] Black is clearly winning.} 16. Bxe5 Bxe4 17. O-O cxd3 18. cxd3 Qxd3 {[%emt 0:00:32] Weighted Error Value: White=0.65/Black=0.09 (flawless) .  Loses game:     	White=1     	---        Mistake:       	White=2     	---        Inaccurate:     	---       	Black=1      OK:         	White=3     	Black=6      Strong:       	White=1     	---} 0-1

[Event "29th Bosnjaci Open 2025"]
[Site "Bosnjaci"]
[Date "2025.01.04"]
[Round "2.1"]
[White "Saric, Ante"]
[Black "Kanizaj, Benjamin"]
[Result "1-0"]
[ECO "E18"]
[WhiteElo "2483"]
[BlackElo "2096"]
[Annotator "TA"]
[PlyCount "83"]
[EventDate "2025.01.04"]
[EventType "swiss"]
[EventCountry "CRO"]
[SourceTitle "playchess.com"]
[Source "ChessBase"]
[SourceQuality "1"]
[TimeControl "5400+30"]

1. Nf3 Nf6 2. c4 e6 3. g3 d5 4. Bg2 Be7 5. d4 O-O 6. Nc3 b6 7. cxd5 exd5 8. Ne5 Bb7 9. O-O Nbd7 10. Qa4 c5 (10... Nb8 $142) 11. Nxd7 $16 Qxd7 12. Qxd7 Nxd7 13. Bxd5 Bxd5 14. Nxd5 Bd6 15. Rd1 cxd4 16. Bf4 {[%emt 0:04:49] White is more active.} Bxf4 17. Nxf4 Rfd8 18. Rxd4 Nf6 19. Rxd8+ Rxd8 {[%emt 0:00:06][%mdl 4096] Endgame KRN-KRN. White is a pawn up.} 20. Rc1 g6 21. Nd3 Rd5 22. f3 Kf8 23. Kf2 Ke8 24. Rc3 Nd7 25. e4 Ra5 26. a3 Nc5 (26... Ne5 {keeps fighting.} 27. Nxe5 Rxe5) 27. Nxc5 $18 bxc5 {[%emt 0:00:14] KR-KR. White is a pawn up.} 28. Ke3 Rb5 29. b3 Kd7 30. Kd3 Kc6 31. Kc4 a5 32. Rd3 a4 33. e5 {[%emt 0:00:57] Hoping for Rd6+.} (33. bxa4 Rb1 34. a5 Rc1+ 35. Rc3 Rd1 $16) 33... Rxb3 $2 (33... Ra5 34. Rd6+ Kc7) 34. Rxb3 axb3 35. Kxb3 {[%emt 0:00:05] KP-KP. White is a pawn up.} Kd5 36. Kc3 Kxe5 37. Kc4 Kd6 38. a4 Kc6 39. a5 f6 40. f4 g5 41. f5 h5 42. h3 1-0

[Event "29th Bosnjaci Open 2025"]
[Site "Bosnjaci"]
[Date "2025.01.04"]
[Round "2.2"]
[White "Konjevic, Nikola"]
[Black "Culum, Sanjin"]
[Result "0-1"]
[ECO "B51"]
[WhiteElo "2095"]
[BlackElo "2446"]
[Annotator "TA"]
[PlyCount "110"]
[EventDate "2025.01.04"]
[EventType "swiss"]
[EventCountry "CRO"]
[SourceTitle "playchess.com"]
[Source "ChessBase"]
[SourceQuality "1"]
[TimeControl "5400+30"]

1. e4 c5 2. Nf3 d6 3. Bb5+ Nd7 4. d4 cxd4 5. Nxd4 Ngf6 6. O-O a6 7. Bd3 Nc5 8. Nc3 g6 9. Re1 Bg7 10. h3 O-O 11. Bf1 Bd7 12. Nb3 Na4 13. Nxa4 Bxa4 14. Bd3 Rc8 15. Rb1 Nd7 16. Be3 Ne5 17. Nd4 Bd7 18. Nf3 (18. Bf1 $11) 18... Nc4 (18... Nxf3+ $15 19. Qxf3 Qa5) 19. Bxc4 Rxc4 20. Bd4 e5 21. Bc3 Be6 22. Nd2 Rc8 23. a3 d5 24. exd5 Qxd5 25. Nf1 Qb5 26. Ne3 Rfd8 27. Qe2 Qxe2 28. Rxe2 f6 29. Ree1 Kf7 30. Rbd1 Bh6 31. Rxd8 Rxd8 32. Rd1 Rxd1+ 33. Nxd1 $17 {[%emt 0:00:03][%mdl 4096] Endgame KBB-KBN} Bf5 34. Ne3 Be4 35. Be1 Ke6 {[%emt 0:01:57] Black is more active.} 36. c3 Bd3 37. Bd2 f5 38. f3 f4 39. Nf1 Bf8 40. Be1 $2 (40. Kf2) 40... Bc5+ $1 $19 41. Bf2 {[%emt 0:00:02] [#]} Bxf2+ $1 42. Kxf2 {[%emt 0:00:08] [#]} Bxf1 $1 43. Kxf1 {[%emt 0:00:16] KP-KP} Kd5 44. b3 (44. a4 $142 Kc4 45. a5) 44... e4 45. fxe4+ Kxe4 {[%emt 0:00:47] Hoping for ...Kd3.} 46. Ke2 g5 47. a4 h5 $2 (47... b6 $19 48. Kf2 Kd3) 48. b4 $2 (48. a5 $11) 48... b5 49. axb5 axb5 50. c4 bxc4 51. b5 Kd5 52. Kf3 Kc5 53. h4 c3 (53... Kxb5 54. hxg5 c3 55. Ke2 $11) 54. Ke2 gxh4 ({Worse is} 54... Kxb5 55. hxg5 c2 56. Kd2 $11) 55. Kd3 f3 0-1

[Event "29th Bosnjaci Open 2025"]
[Site "Bosnjaci"]
[Date "2025.01.04"]
[Round "2.3"]
[White "Pap, Misa"]
[Black "Tomas, Ante"]
[Result "1-0"]
[ECO "B11"]
[WhiteElo "2436"]
[BlackElo "2084"]
[Annotator "TA"]
[PlyCount "107"]
[EventDate "2025.01.04"]
[EventType "swiss"]
[EventCountry "CRO"]
[SourceTitle "playchess.com"]
[Source "ChessBase"]
[SourceQuality "1"]
[TimeControl "5400+30"]

1. e4 c6 2. Nc3 d5 3. Nf3 dxe4 4. Nxe4 Nf6 5. Qe2 Nxe4 6. Qxe4 Nd7 7. Bc4 Nf6 {[%emt 0:00:08] [#]} 8. Ne5 $1 e6 9. Qe2 b5 10. Bb3 (10. Nxc6 Qc7 11. Bd3 (11. Bxb5 $2 a6 $17) 11... Bb7 $15 (11... Qxc6 $2 12. Bxb5 $18)) 10... Bd6 (10... Qc7 $11) 11. O-O O-O 12. d4 ({Much weaker is} 12. Nxc6 Qc7 13. Nd4 Bxh2+ 14. Kh1 Bb7 $15) 12... Qc7 13. Bf4 c5 14. dxc5 Qxc5 15. Rad1 (15. Rfd1 $5 Bb8 16. a4 $14) 15... Nd5 (15... Bc7 $11) 16. Bg3 $14 Rd8 {[%emt 0:07:33] [#]} (16... b4 $14) 17. Nxf7 $1 Kxf7 18. Qf3+ Kg8 {[%emt 0:17:15] ...Bb7 is the strong threat.} 19. Rxd5 exd5 20. Bxd5+ Be6 21. Bxa8 Bxg3 22. hxg3 Qxc2 23. Be4 $1 Qxb2 {[%emt 0:01:33][%cal Og7g6] [#]} 24. Bxh7+ $1 Kxh7 25. Qe4+ Kg8 26. Qxe6+ $16 {[%emt 0:00:06][%mdl 4096] Endgame KQR-KQR. White is a pawn up.} Kh8 27. Qe7 Qd4 28. Re1 $36 {[%emt 0:00:09][%mdl 2048] Keeping Black busy.} a6 (28... Rd5 $16 {keeps fighting.}) 29. Re6 (29. Re4 $18 Qd5 30. Re5) 29... Qd1+ $14 30. Re1 (30. Kh2 $14 Qh5+ 31. Kg1 Rd1+ 32. Re1) 30... Qd4 $1 $18 31. Re5 Rd6 (31... Qd7 $16) 32. Qf8+ Kh7 {[%emt 0:00:06] [#] ( -> ...Qd1+)} 33. Qf5+ $1 Rg6 {[%emt 0:03:37] [#]} 34. Re6 $1 {[%emt 0:00:48] Against Qd6} Qd1+ 35. Kh2 Qg4 36. Qxg4 $1 Rxg4 37. Rxa6 {[%emt 0:00:08] KR-KR. White is two pawns up.} Rc4 38. f3 Rc2 39. Kh3 Rb2 40. f4 b4 $2 (40... Rf2 41. Ra5 b4) 41. g4 b3 42. axb3 Rxb3+ 43. g3 Rb5 44. f5 Rc5 45. Kh4 Rb5 46. Ra8 Rc5 47. Rf8 Ra5 48. Rf7 {[%emt 0:06:02] and g5 should not be overlooked} Kg8 49. Rb7 Kh7 50. Rb1 Kh6 51. g5+ Kh7 52. g4 Ra4 53. Rb7 Kh8 54. Rb8+ 1-0

[Event "29th Bosnjaci Open 2025"]
[Site "Bosnjaci"]
[Date "2025.01.04"]
[Round "2.4"]
[White "Caric, Mato"]
[Black "Zaja, Ivan"]
[Result "0-1"]
[ECO "C11"]
[WhiteElo "2080"]
[BlackElo "2418"]
[Annotator "TA"]
[PlyCount "40"]
[EventDate "2025.01.04"]
[EventType "swiss"]
[EventCountry "CRO"]
[SourceTitle "playchess.com"]
[Source "ChessBase"]
[SourceQuality "1"]
[TimeControl "5400+30"]

1. e4 e6 2. d4 d5 3. Nd2 Nf6 4. e5 Nfd7 5. f4 c5 6. Ndf3 Nc6 7. c3 Qb6 8. Ne2 Be7 9. g4 (9. a3 $11) 9... f6 $1 $15 {[%emt 0:04:02] Black is more active.} 10. Qb3 Qxb3 11. axb3 {[%emt 0:01:11] The position is equal.} b6 12. Kd2 (12. exf6 $11 Nxf6 13. g5) 12... O-O 13. Bg2 {[%emt 0:02:29] [#]} (13. Kc2 $11) 13... fxe5 $1 $17 14. dxe5 Na5 15. Kc2 Bb7 16. Ng3 {[%emt 0:00:48] [#]} (16. Rg1 $15) 16... d4 $1 {[%emt 0:03:31][%cal Od4d3] ...d3+! is the strong threat.} 17. Rg1 {[%emt 0:01:55] [#]} (17. cxd4 $2 {perishes.} cxd4 18. b4 Bxb4 $19) (17. Rd1 $17) 17... d3+ $1 $19 18. Kxd3 Nxb3 19. Rb1 Nxc1+ 20. Rbxc1 Rxf4 {[%emt 0:00:15] Weighted Error Value: White=0.53/Black=0.09 (flawless) .  Mistake:       	White=4     	---        Inaccurate:     	---       	Black=2      OK:         	White=2     	Black=2      Best:        	White=1     	Black=1      Strong:       	---       	Black=3      Brilliant:      	---       	Black=1} 0-1

[Event "29th Bosnjaci Open 2025"]
[Site "Bosnjaci"]
[Date "2025.01.04"]
[Round "2.5"]
[White "Fercec, Nenad"]
[Black "Maravic, Ivan"]
[Result "1/2-1/2"]
[ECO "C65"]
[WhiteElo "2382"]
[BlackElo "2074"]
[Annotator "TA"]
[PlyCount "134"]
[EventDate "2025.01.04"]
[EventType "swiss"]
[EventCountry "CRO"]
[SourceTitle "playchess.com"]
[Source "ChessBase"]
[SourceQuality "1"]
[TimeControl "5400+30"]

1. e4 e5 2. Nf3 Nc6 3. Bb5 Nf6 4. d3 Bc5 5. Bxc6 dxc6 6. Qe2 Bd6 7. Nbd2 Nd7 8. Nc4 Qe7 9. Bd2 Nf8 10. d4 exd4 11. Nxd4 Bd7 12. O-O-O O-O-O 13. Qf3 Be6 (13... Bc5 $11 14. Nb3 h5) 14. Nxd6+ $16 cxd6 (14... Rxd6 $16 {was called for.} 15. Qc3 h6) 15. Qg3 (15. Qa3 $18) 15... f6 (15... Ng6 $16 16. Bc3 Qd7) 16. f4 (16. Qa3 $18 {and White stays clearly on top.}) 16... Nd7 $16 17. Qa3 Kb8 18. Be3 Nb6 $1 19. Bf2 Rhe8 20. Rhe1 Qf7 {[%emt 0:04:46] [#]} (20... Bg4 $14) 21. b3 (21. f5 $1 $16 Bc4 22. Bg3) 21... d5 $2 (21... Nc8 $14) 22. f5 $18 Bc8 23. exd5 Rxe1 24. Rxe1 Qxd5 25. Bg3+ $2 (25. Qe7 $18 {Bg3+ is the strong threat.} Ka8 26. c4 (26. Qxg7 c5 $16) 26... Nxc4 27. bxc4 Qxc4+ 28. Nc2) 25... Ka8 $14 26. Ne6 Bxe6 27. fxe6 Qd4 $1 28. Qb2 $1 Qd2+ 29. Kb1 Nd5 30. e7 Re8 31. c4 Nc3+ $1 32. Ka1 Qd3 $1 33. Qc1 $1 Qd4 34. Qe3 Nb5+ 35. Qxd4 $1 (35. Kb1 Na3+ 36. Kc1 Qa1+ 37. Kd2 Qb2+ (37... Qxa2+ 38. Kc3 $14) 38. Kd3 Nc2 $19 (38... Qxa2 39. Kc3 $11)) 35... Nxd4 36. Rd1 (36. Kb2 $14 {is more appropriate.}) 36... c5 $11 37. Bd6 b6 $1 38. b4 $1 Nc2+ $1 39. Kb2 (39. Kb1 $1 $11 Nxb4 40. Bxc5) 39... Nxb4 ({Black should try} 39... Ne3 $17 40. Rc1 Kb7) 40. Bxc5 $1 $11 Nc6 41. Ba3 Kb8 (41... Nxe7 $2 42. Re1 $18) 42. Rd3 Kc8 (42... Nxe7 $2 {perishes.} 43. Re3 $18) 43. Rh3 ({Weaker is} 43. Rg3 Kd7 $16) 43... Nxe7 44. Rxh7 Nf5 45. g4 Re2+ 46. Kb1 Ne3 47. Rxg7 Rxh2 48. Bc1 Nxc4 49. Rxa7 Ne5 50. g5 fxg5 51. Bxg5 Rh1+ 52. Kc2 Nc6 53. Rf7 Rh5 54. Bf4 Rc5+ 55. Kb3 Rb5+ 56. Kc3 Rc5+ 57. Kd2 Na5 58. Kd3 Nc6 59. Ke4 Na5 60. Bd6 Rh5 61. Be5 Rh4+ 62. Kd5 Rc4 63. a3 Rc5+ 64. Ke6 Rc6+ 65. Kd5 Rc5+ 66. Ke6 Rc6+ 67. Kd5 Rc5+ 1/2-1/2